 Dungeon Crawl Stone Soup version 0.20.0-10-g0535bb4 (webtiles) character file.

522 anfisbena the Slasher (level 7, 0/52 HPs)
             Began as a Demonspawn Abyssal Knight on June 6, 2017.
             Was a Priest of Lugonu.
             Succumbed to a gnoll's poison
             ... on level 3 of the Dungeon.
             The game lasted 00:06:19 (5097 turns).

anfisbena the Slasher (Demonspawn Abyssal Knight)   Turns: 5097, Time: 00:06:19

Health: 0/52       AC:  4    Str: 16    XL:     7   Next: 2%
Magic:  8/8        EV: 11    Int: 16    God:    Lugonu [***...]
Gold:   113        SH:  4    Dex: 12    Spells: 6/6 levels left

rFire    . . .     SeeInvis +   a - +1 falchion
rCold    . . .     Gourm    .   (no shield)
rNeg     . . .     Faith    .   w - +0 leather armour
rPois    .         Spirit   .   (helmet unavailable)
rElec    .         Reflect  .   (no cloak)
rCorr    .         Harm     .   (no gloves)
MR       .....                  h - +0 pair of boots
Stlth    +.........             (no amulet)
Regen    0.2/turn               i - +4 ring of strength
MPRegen  0.2/turn               (no ring)

@: lethally poisoned (0 -> -20)
A: antennae 3, large bone plates 1, blurry vision 1, demonic guardian 1, wild
magic 1
a: Depart the Abyss, Bend Space, Banish, Renounce Religion


You were on level 3 of the Dungeon.
You worshipped Lugonu.
Lugonu was most pleased with you.
You were hungry.

You visited 1 branch of the dungeon, and saw 3 of its levels.
You visited the Abyss 1 time.
You also visited: Sewer.

You collected 113 gold pieces.

Inventory:

Hand Weapons
 a - a +1 falchion (weapon)
 b - a +0 blowgun
Missiles
 x - 9 poisoned needles
 y - 7 curare-tipped needles
Armour
 h - a +0 pair of boots (worn)
 k - a +0 pair of gloves
 w - a +0 leather armour (worn)
Jewellery
 i - a +4 ring of strength (left hand)
Scrolls
 d - a scroll of remove curse {unknown}
 m - 3 scrolls of recharging {unknown}
 p - 2 scrolls of noise {unknown}
 q - a scroll of teleportation {unknown}
 s - a scroll of fog {unknown}
 u - a scroll of magic mapping {unknown}
 z - a scroll of fear {unknown}
Potions
 e - 2 potions of lignification {unknown}
 g - 5 potions of heal wounds
 n - 3 potions of flight
 o - a potion of magic {unknown}
 r - a potion of brilliance {unknown}
 t - 4 potions of curing {unknown}
 v - a potion of might {unknown}
Comestibles
 c - 2 bread rations
 f - 2 meat rations
 j - 2 royal jellies
 l - 2 fruits


   Skills:
 - Level 3.0 Fighting
 + Level 7.0 Long Blades
 - Level 1.7 Armour
 - Level 0.8 Dodging
 - Level 2.4 Invocations


You had 6 spell levels left.
You didn't know any spells.

Dungeon Overview and Level Annotations

Branches:
Dungeon (3/15)

Altars:


Innate Abilities, Weirdness & Mutations

You have a pair of large antennae on your head. (SInv)
You are partially covered in large bone plates. (SH +4)
A weak demonic guardian rushes to your aid.
Scrolls take you a little longer to read.
Your spells are a little harder to cast, but a little more powerful.


Message History

You hit the gnoll.
The gnoll is heavily wounded.
The gnoll hits you from afar with a spear of venom!
* * * LOW HITPOINT WARNING * * *
You are more poisoned.
You block the gnoll's attack.
Your leather armour prevents you from hitting the gnoll.
The gnoll is heavily wounded.
You feel sick.
The gnoll hits you from afar with a spear of venom.
* * * LOW HITPOINT WARNING * * *
You are lethally poisoned!
The gnoll hits you with a spear!
* * * LOW HITPOINT WARNING * * *
* * * LOW HITPOINT WARNING * * *
You feel sick.
The gnoll hits you from afar with a spear!
* * * LOW HITPOINT WARNING * * *
You see here a poisoned needle.
You die...

.................#
.......)†..+ ....#
...........# ....#
...#....g..# ....#
#...!({.# ....#
###.(g####....#
####.....# #(....# .
.###>.# #@.)..# ..
#......# #.....# .#
#...#.# #...###
.###.....# ####...#
......[..# #......######
...#.....# #...........#
.........# #............#
.........###............#
.........#..............#


You could see 2 gnolls.

Vanquished Creatures
  2 big kobolds (Sewer)
  2 gnolls
  4 river rats (Sewer)
  3 adders
  An ooze (D:2)
  A worm (D:3)
  4 dart slugs
  3 leopard geckos
  A giant cockroach (D:3)
  3 goblins
  5 hobgoblins
  4 jackals (D:2)
  A quokka (D:2)
  5 ball pythons (Sewer)
  3 bats
  5 frilled lizards
  18 kobolds
  21 rats
86 creatures vanquished.

Vanquished Creatures (collateral kills)
  Sigmund (D:2)
  A big kobold (Sewer)
  Natasha (D:2)
  5 gnolls (D:2)
  3 river rats (Sewer)
  A leopard gecko (D:2)
  A quokka (D:2)
  A bat (D:2)
  3 kobolds (Sewer)
  2 rats (Sewer)
19 creatures vanquished.

Grand Total: 105 creatures vanquished

Notes
Turn   | Place    | Note
-------+----------+-------------------------------------------
     0 | Abyss:1  | anfisbena the Demonspawn Abyssal Knight began the quest for the Orb.
     0 | Abyss:1  | Reached XP level 1. HP: 18/18 MP: 2/2
    60 | Abyss:1  | Noticed a large abomination
    64 | D:1      | Escaped the Abyss
   174 | D:1      | Reached skill level 2 in Long Blades
   275 | D:1      | Reached * piety under Lugonu
   576 | D:1      | Gained mutation: A weak demonic guardian rushes to your aid. [demonic ancestry]
   576 | D:1      | Reached XP level 2. HP: 24/24 MP: 3/3
  1116 | D:2      | Reached skill level 3 in Long Blades
  1163 | D:2      | Gained mutation: You have a pair of small antennae on your head. [demonic ancestry]
  1163 | D:2      | Reached XP level 3. HP: 29/29 MP: 4/4
  1466 | D:2      | Noticed Sigmund
  1935 | D:2      | Killed Sigmund
  1935 | D:2      | Reached skill level 4 in Long Blades
  1935 | D:2      | Gained mutation: You have a pair of antennae on your head. [demonic ancestry]
  1935 | D:2      | Reached XP level 4. HP: 28/35 MP: 5/5
  1935 | D:2      | Gained mutation: You are partially covered in large bone plates. (SH +4) [demonic ancestry]
  1935 | D:2      | Reached XP level 5. HP: 33/41 MP: 6/6
  2240 | D:2      | Noticed Natasha
  2516 | D:2      | Reached skill level 5 in Long Blades
  2519 | D:2      | Killed Natasha
  2563 | D:2      | Gained mutation: Scrolls take you a little longer to read. [potion of mutation]
  2563 | D:2      | Gained mutation: Your spells are a little harder to cast, but a little more powerful. [potion of mutation]
  3185 | D:3      | Found a glowing drain.
  3212 | D:3      | Reached ** piety under Lugonu
  3220 | Sewer    | Entered a sewer
  3278 | Sewer    | Gained mutation: You have a pair of large antennae on your head. (SInv) [demonic ancestry]
  3278 | Sewer    | Reached XP level 6. HP: 36/47 MP: 7/7
  3531 | Sewer    | Reached skill level 6 in Long Blades
  5083 | D:3      | Reached skill level 7 in Long Blades
  5084 | D:3      | Reached *** piety under Lugonu
  5084 | D:3      | Reached XP level 7. HP: 49/52 MP: 8/8
  5096 | D:3      | HP: 2/52 [gnoll/spear (8)]
  5097 | D:3      | Succumbed to a gnoll's poison

Skill      XL: |  1  2  3  4  5  6 |
---------------+-------------------+-----
Long Blades    | 2 3 4 5 7 |  7.0
Fighting       | |  3.0
Armour         | |  1.7
Dodging        | |  0.8
Invocations    | |  2.4

Action                   |  1- 3 |  4- 6 |  7- 9 || total
-------------------------+-------+-------+-------++-------
Melee: Falchion          |    87 |   184 |     6 ||   277
Invok: Depart the Abyss  |     1 |       |       ||     1
  Use: Potion            |     1 |     5 |       ||     6
 Stab: Distracted        |       |     1 |       ||     1
  Eat: Chunk             |     3 |     8 |       ||    11
       Fruit             |       |     2 |       ||     2
Armor: Leather armour    |    37 |    47 |       ||    84
Dodge: Dodged            |    61 |   147 |     3 ||   211
Block: Other             |       |    39 |     2 ||    41
       Rpst.: Falchion   |    20 |    48 |     1 ||    69
